 Dungeon Crawl Stone Soup version 0.26-a0-113-gd8a95b691d (webtiles) character file.

Game seed: 3447398105370663709

161 QuietlyReading the Conjurer (level 5, -4/42 HPs)
             Began as a Draconian Conjurer on June 26, 2020.
             Killed by divine providence
             ... invoked by an orc priest
              (12 damage)
             ... on level 4 of the Dungeon.
             The game lasted 00:16:10 (1927 turns).

QuietlyReading the Conjurer (Draconian Conjurer)    Turns: 1927, Time: 00:16:11

Health: -4/42      AC:  6    Str: 10    XL:     5   Next: 18%
Magic:  2/10       EV: 13    Int: 16    God:
Gold:   134        SH:  0    Dex: 12    Spells: 9/10 levels left

rFire    . . .     SeeInvis .   o - +3 short sword
rCold    . . .     Faith    .   (no shield)
rNeg     . . .     Spirit   .   (armour unavailable)
rPois    .         Reflect  .   (helmet restricted)
rElec    .         Harm     .   f - +0 cloak
rCorr    .                      (no gloves)
MR       .....                  (no boots)
Stlth    ++........             (no amulet)
HPRegen  0.14/turn              (no ring)
MPRegen  0.12/turn              (no ring)

@: about to teleport
A: unfitting armour, cold-blooded, AC +5
a: no special abilities


You were on level 4 of the Dungeon.
You were not hungry.

You visited 1 branch of the dungeon, and saw 4 of its levels.

You collected 134 gold pieces.

Inventory:

Hand Weapons
 a - a +0 trident
 g - a +0 dagger
 o - a +3 short sword (weapon)
Missiles
 c - 23 bolts
 d - 65 arrows
Armour
 f - a +0 cloak (worn)
Wands
 k - a wand of polymorph (5)
Scrolls
 e - a scroll of immolation {unknown}
 i - a scroll of teleportation
 n - a scroll of noise {unknown}
 q - a scroll of amnesia {unknown}
Potions
 h - a potion of resistance
 l - a potion of ambrosia {unknown}
 m - a potion of stabbing {unknown}
Comestibles
 b - 2 rations
 j - 4 chunks of flesh


   Skills:
 + Level 2.5 Fighting
 + Level 2.0 Throwing
 * Level 3.9 Dodging
 + Level 3.1 Stealth
 + Level 2.4 Unarmed Combat
 + Level 3.3 Spellcasting
 + Level 5.2 Conjurations


You had 9 spell levels left.
You knew the following spells:

 Your Spells              Type           Power        Failure   Level  Hunger
a - Magic Dart            Conj           ###.         2%          1    None

Your spell library contained the following spells:

 Spells                   Type           Power        Failure   Level  Hunger
 Searing Ray              Conj           ###...       3%          2    ##.....
 Dazzling Flash           Conj/Hex       ##....       19%         3    ###....
 Fulminant Prism          Conj/Hex       ##........   52%         4    ####...
 Iskenderun's Mystic Bla  Conj/Tloc      ##......     52%         4    ####...


Dungeon Overview and Level Annotations

Branches:
Dungeon (4/15)
 Temple: D:4-7

Altars:


Innate Abilities, Weirdness & Mutations

Your plain brown scales are hard. (AC +5)
You cannot fit into any form of body armour.
You are cold-blooded and may be slowed by cold attacks.


Message History

You closely miss Blork the orc.
Your tail-slap misses Blork the orc.
Blork the orc is almost dead.
Blork the orc miscasts a cantrip.
The orc priest looks satisfied for a moment.
Blork the orc begins to cast a cantrip, but forgets the words!
You closely miss Blork the orc.
Blork the orc is almost dead.
Blork the orc closely misses you.
You hit Blork the orc.
You kill Blork the orc!
You have reached level 5!
The orc priest mumbles some strange prayers to Beogh against you.
Beogh smites you!
* * * LOW HITPOINT WARNING * * *
As you read the scroll of teleportation, it crumbles to dust.
You feel strangely unstable. The orc hits you with a +0 flail.
* * * LOW HITPOINT WARNING * * *
The orc priest mumbles some strange prayers to Beogh against you.
Beogh smites you!
You die...

....... . ....... .. .......
#.# ....... #.# ..... ##.##
... ##...## #.####.....####
#..ooo..........### #
#...###@.#....#....# #
#...o....#...# #...## #
#...##.#.......#####..###
....###.####.#..#.........
..... #...##.#.###........
##....###.........##....[..#
.......##.#.....###>#.....#
#.......##..### ###...#
##......###..# #...#.


You could see an orc priest and 3 orcs.

Vanquished Creatures
  Blork the orc (D:4)
  Jessica (D:2)
  A hound skeleton (D:4)
  2 dart slugs (D:2)
  4 giant cockroaches
  2 goblins
  4 hobgoblins
  2 jackals (D:2)
  A quokka (D:2)
  2 bats
  4 frilled lizards
  7 kobolds
  6 rats
37 creatures vanquished.

Notes
Turn   | Place    | Note
-------+----------+-------------------------------------------
     0 | D:1      | QuietlyReading the Draconian Conjurer began the quest for
                  | the Orb.
     0 | D:1      | Reached XP level 1. HP: 14/14 MP: 3/3
   289 | D:1      | Reached XP level 2. HP: 22/25 MP: 4/6
  1286 | D:2      | Reached XP level 3. HP: 30/30 MP: 5/7
  1290 | D:2      | Noticed Jessica
  1317 | D:2      | Killed Jessica
  1428 | D:2      | Reached skill level 5 in Conjurations
  1524 | D:2      | Reached XP level 4. HP: 37/37 MP: 3/8
  1699 | D:2      | You fall into a shaft and drop 1 floor!
  1906 | D:4      | Noticed Blork the orc
  1924 | D:4      | Killed Blork the orc
  1924 | D:4      | Reached XP level 5. HP: 26/42 MP: 2/10
  1927 | D:4      | Killed from afar by an orc priest

Illustrated notes

Levels and vault maps discovered:
D:1:      eino_arrival_water_cross, layout_basic, minmay_misc_feat_alley
D:2:      layout_rooms, uniq_jessica
D:3:      layout_loops_ring, first_ration
D:4:      cheibrodos_barr_body, layout_cave_pools, uniq_pikel,
          uniq_blork_the_orc, uniq_eustachio

Skill      XL: |  1  2  3 |
---------------+----------+-----
Fighting       | 2 |  2.5
Throwing       | 2 |  2.0
Dodging        | 3 |  3.9
Stealth        | 3 |  3.1
Unarmed Combat | 2 |  2.4
Spellcasting   | 3 |  3.3
Conjurations   | 5 |  5.2

Action                   |  1- 3 |  4- 6 || total
-------------------------+-------+-------++-------
Melee: Unarmed           |    46 |       ||    46
       Tailslap          |     9 |       ||     9
       Dagger            |    15 |       ||    15
       Short sword       |       |     6 ||     6
 Cast: Magic Dart        |    39 |    27 ||    66
  Use: Potion            |     1 |       ||     1
       Scroll            |     2 |     1 ||     3
  Eat: Chunk             |     2 |     1 ||     3
Armor: Skin              |    58 |     2 ||    60
Dodge: Dodged            |    34 |     9 ||    43

Table legend:
 A = Non-vault XP
 B = Vault XP
 C = Vault XP percentage of total XP
 D = Non-vault monster count
 E = Vault monster count
 F = Vault count percentage of total count
                 A         B        C        D         E       F
            +---------+---------+-------+---------+---------+-------
      Total |      75 |     136 |  64.5 |      35 |       2 |   5.4
            +---------+---------+-------+---------+---------+-------
        D:1 |      23 |       0 |   0.0 |      16 |       0 |   0.0
        D:2 |      28 |      37 |  56.9 |      15 |       1 |   6.2
        D:4 |      24 |      99 |  80.5 |       4 |       1 |  20.0
            +---------+---------+-------+---------+---------+-------
